 Dungeon Crawl Stone Soup version 0.31-a0-538-gbc85326fa9 (webtiles) character file.

Game seed: 4242799387405199198

521931 Ofeo the Slayer (level 25, 0/224 (227) HPs)
             Began as a Barachi Hunter on Aug 12, 2023.
             Was the Champion of Zin.
             Slain by a Tzitzimitl (10 damage)
             ... summoned by a dread lich
             ... on level 1 of the Realm of Zot on Aug 13, 2023.
             The game lasted 02:53:31 (71772 turns).

Ofeo the Slayer (Barachi Hunter)                   Turns: 71772, Time: 02:53:32

HP:   0/224 (227)   AC: 23    Str: 22    XL:     25   Next: 32%
MP:   37/37         EV: 32    Int: 18    God:    Zin [******]
Gold: 2190          SH:  0    Dex: 35    Spells: 21/24 levels left

rFire   + + .        f - +7 arbalest (freeze)
rCold   + . .        (shield currently unavailable)
rNeg    . . .        X - +1 faerie dragon scales {Rampage Regen+ rCorr}
rPois   ∞            N - +0 helmet "Reajaepp" {Dex+3}
rElec   .            H - +2 cloak {rCorr}
rCorr   +            c - +2 pair of gloves
SInv    .            C - +3 pair of mountain boots {steadfast, rC+}
Will    +....        P - amulet of regeneration
Stlth   +++++++      W - ring of Fragile Peace {rPois rF+ Int+3}
HPRegen 2.17/turn    U - ring "Loute" {rF+ rCorr Int-2 Slay+4}
MPRegen 0.25/turn

%: rampage
@: vitalised, corroded, studying Long Blades, lightly drained, slow
A: amphibious, slowness 1, strong legs 2, +LOS
}: 3/15 runes: barnacled, slimy, gossamer
a: Hop, Renounce Religion, Recite, Vitalisation, Imprison, Sanctuary, Donate
Gold


You were on level 1 of the Realm of Zot.
You worshipped Zin.
Zin was exalted by your worship.
You visited 11 branches of the dungeon, and saw 48 of its levels.
You visited the Abyss 1 time.
You visited 1 bazaar.
You also visited: Trove, Ice Cave and Wizlab.

You collected 5854 gold pieces.
You spent 3190 gold pieces at shops.
You donated 474 gold pieces to Zin.

Inventory:

Hand Weapons
 b - the +8 shortbow of the Equinox {antimagic, rC+ Str+3}
   (You found it on level 3 of the Shoals)

   Str+3:     It affects your strength (+3).
   rC+:       It protects you from cold.
 f - a +7 arbalest of freezing (weapon)
 w - a +6 great sword of electrocution
Missiles
 E - 3 throwing nets
 L - 6 curare-tipped darts
Armour
 c - a +2 pair of gloves (worn)
 A - +0 fire dragon scales
 C - the +3 pair of mountain boots (worn) {steadfast, rC+}
   (You found it in a treasure trove)

   Steadfast: It prevents involuntary movement, except for blinking,
   teleportation, or banishment.
   rC+:       It protects you from cold.
 H - a +2 cloak of preservation (worn)
 N - the +0 helmet "Reajaepp" (worn) {Dex+3}
   (You found it in a treasure trove)

   Dex+3:     It affects your dexterity (+3).
 R - the +1 pair of boots of Rainatur {rPois rN++ Int-4 Dex+3}
   (You found it in a treasure trove)

   Int-4:     It affects your intelligence (-4).
   Dex+3:     It affects your dexterity (+3).
   rPois:     It protects you from poison rN++: It greatly protects you from
   negative energy.
 X - the +1 faerie dragon scales (worn) {Rampage Regen+ rCorr}
   (You took it off the Enchantress on level 1 of the Depths)

   Regen+:    It increases your rate of health regeneration.
   rCorr:     It protects you from acid and corrosion.
   Rampage:   It bestows one free step when moving towards enemies.
Jewellery
 F - a ring of willpower
 M - a +6 ring of dexterity
 P - an amulet of regeneration (around neck)
 U - the ring "Loute" (right hand) {rF+ rCorr Int-2 Slay+4}
   (You found it on level 15 of the Dungeon)

   [ring of slaying]

   Int-2:     It affects your intelligence (-2).
   Slay+4:    It affects your accuracy & damage with ranged weapons and melee
   (+4).
   rF+:       It protects you from fire.
   rCorr:     It protects you from acid and corrosion.
 W - the ring of Fragile Peace (left hand) {rPois rF+ Int+3}
   (You found it in an ice cave)

   [ring of poison resistance]

   Int+3:     It affects your intelligence (+3).
   rF+:       It protects you from fire.
   rPois:     It protects you from poison
 Z - a +6 ring of intelligence
Wands
 p - a wand of digging (24) {@v1}
 t - a wand of flame (70)
 x - a wand of quicksilver (27)
 y - a wand of roots (7)
 K - a wand of charming (41)
 O - a wand of mindburst (19)
Scrolls
 d - 10 scrolls of teleportation {@r3}
 i - 15 scrolls of identify {@r1}
 j - a scroll of enchant armour
 n - 5 scrolls of immolation
 u - 12 scrolls of fear
 v - 2 scrolls of fog
 z - a scroll of butterflies
 D - 4 scrolls of poison
 J - 4 scrolls of summoning
 Q - 6 scrolls of amnesia
 S - a scroll of revelation
 T - a scroll of brand weapon
 V - 9 scrolls of silence
Potions
 a - a potion of ambrosia
 e - 6 potions of enlightenment
 g - 11 potions of brilliance
 h - a potion of heal wounds {@q2}
 k - 4 potions of cancellation
 l - 4 potions of lignification
 m - 3 potions of might {@q4}
 o - 7 potions of magic
 q - 4 potions of curing {@q1}
 r - a potion of resistance {@q6}
 s - 2 potions of haste {@q3}
 B - 4 potions of mutation
 G - 9 potions of attraction
 I - 4 potions of invisibility
Miscellaneous
 Y - a lightning rod (4/4)


   Skills:
 - Level 25.0 Fighting
 + Level 13.0 Long Blades
 - Level 18.0 Ranged Weapons
 - Level 20.1 Armour
 - Level 16.0 Dodging
 - Level 14.2 Stealth
 - Level 21.6 Invocations
 - Level 14.9 Evocations


You had 21 spell levels left.
You knew the following spells:

 Your Spells              Type           Power      Damage    Failure   Level
a - Frozen Ramparts       Ice            0%         1d1       58%         3

Your spell library contained the following spells:

 Spells                   Type           Power      Damage    Failure   Level
 Apportation              Tloc           0%         N/A       26%         1
 Freeze                   Ice            0%         1d3       26%         1
 Kiss of Death            Conj/Necr      0%         2d5       26%         1
 Magic Dart               Conj           0%         1d3       26%         1
 Shock                    Conj/Air       0%         1d3       26%         1
 Slow                     Hex            0%         N/A       26%         1
 Blink                    Tloc           0%         N/A       36%         2
 Call Imp                 Summ           0%         N/A       36%         2
 Ensorcelled Hibernation  Hex/Ice        0%         N/A       36%         2
 Lesser Beckoning         Tloc           0%         N/A       36%         2
 Momentum Strike          Conj/Tloc      0%         3d8       36%         2
 Passwall                 Tmut/Erth      0%         N/A       36%         2
 Searing Ray              Conj           0%         2d4       36%         2
 Static Discharge         Conj/Air       0%         2-2/arc   36%         2
 Sublimation of Blood     Necr           0%         N/A       36%         2
 Wereblood                Tmut           0%         N/A       36%         2
 Confusing Touch          Hex            0%         N/A       58%         3
 Hailstorm                Conj/Ice       0%         3d3       58%         3
 Inner Flame              Hex/Fire       0%         N/A       58%         3
 Mephitic Cloud           Conj/Pois/Air  0%         N/A       58%         3
 Swiftness                Air            0%         N/A       58%         3
 Tukima's Dance           Hex            0%         N/A       58%         3
 Vampiric Draining        Necr           0%         2d6       58%         3
 Vhi's Electric Charge    Tloc/Air       0%         N/A       58%         3
 Airstrike                Air            0%         2d(0-16)  94%         4
 Animate Armour           Summ/Erth      0%         N/A       94%         4
 Cause Fear               Hex            0%         N/A       94%         4
 Dispel Undead            Necr           0%         3d6       94%         4
 Flame Wave               Conj/Fire      0%         2d4       94%         4
 Fulminant Prism          Conj/Hex       0%         3d5       94%         4
 Leda's Liquefaction      Hex/Erth       0%         N/A       94%         4
 Manifold Assault         Tloc           0%         N/A       94%         4
 Sticky Flame             Conj/Fire      0%         2d3       94%         4
 Summon Ice Beast         Ice/Summ       0%         N/A       94%         4
 Summon Lightning Spire   Summ/Air       0%         N/A       94%         4
 Agony                    Necr           0%         N/A       100%        5
 Alistair's Intoxication  Tmut/Pois      0%         N/A       100%        5
 Arcjolt                  Conj/Air       0%         1d10      100%        5
 Fireball                 Conj/Fire      0%         3d3       100%        5
 Freezing Cloud           Conj/Ice/Air   0%         6-21      100%        5
 Lee's Rapid Deconstruct  Erth           0%         3d4*      100%        5
 Silence                  Hex/Air        0%         N/A       100%        5
 Summon Forest            Summ/Tloc      0%         N/A       100%        5
 Yara's Violent Unravell  Hex/Tmut       0%         3d3       100%        5
 Dispersal                Tloc           0%         N/A       100%        6
 Eringya's Noxious Bog    Tmut/Pois      0%         4d6       100%        6
 Leda's Unmaking          Conj/Erth      0%         9d1       100%        6
 Plasma Beam              Fire/Air       0%         2x1d10    100%        6
 Ozocubu's Refrigeration  Ice            0%         4d7       100%        7
 Summon Hydra             Summ           0%         N/A       100%        7
 Disjunction              Tloc           0%         N/A       100%        8
 Maxwell's Capacitive Co  Air            0%         ∞         100%        8
 Dragon's Call            Summ           0%         N/A       100%        9


Dungeon Overview and Level Annotations

Branches:
Dungeon (15/15)            Temple (1/1) D:7            Lair (5/5) D:10
 Shoals (4/4) Lair:2       Spider (4/4) Lair:3        Slime (5/5) Lair:4
    Orc (2/2) D:10            Elf (3/3) Orc:2        Vaults (4/5) D:13
  Crypt (0/3) Vaults:3     Depths (4/4) D:15            Zot (1/5) Depths:4
  IceCv (visited)          WizLab (visited)

Altars:
Ashenzari
Cheibriados
Dithmenos
Elyvilon
Fedhas
Gozag
Hepliaklqana
Kikubaaqudgha
Makhleb
Nemelex Xobeh
Okawaru
Qazlal
Ru
Sif Muna
Trog
Uskayaw
Vehumet
Wu Jian
Xom
Yredelemnul
Zin
The Shining One
Jiyva

Shops:
D:6 [   D:12 ?!   Orc:2 *(*(=   Elf:3 :   Shoals:1 :   Shoals:2 !   Vaults:1 !
Vaults:2 (   Depths:1 :=:

Portals:
Hell: Depths:1 Depths:2 Depths:3 Depths:4
Abyss: Depths:1 Depths:3 Depths:4
Pandemonium: Depths:1 Depths:2 Depths:4
Ziggurat: Depths:3

Annotations:
D:14 3 runed translucent doors, exclusions: deep elf pyromancer and 1 more exclusion, Louise; pokeman's ghost, journeyman DEHW
Spider:4 1 runed translucent door, CraigForest's ghost, adept MiFi
Depths:1 6 runed translucent doors


Innate Abilities, Weirdness & Mutations

You are amphibious.
You cover ground slowly.
You can hop long distances.
You have an extended range of vision and can be seen from far away.


Message History

You feel drained.
* * * LOW HITPOINT WARNING * * *
The Tzitzimitl calls on the powers of darkness!
Your body is wracked with pain!
* * * LOW HITPOINT WARNING * * *
You take 32 damage, and have 29/224 hp.
Fire: f) +7 arbalest (freeze)
Press: ? - help, Q - select action, (/) - cycle Shift-Dir - straight line, f/p - dread lich
Aim: a dread lich (heavily damaged, 82% to hit)
You shoot a bolt. The bolt barely misses the dread lich.
The bolt closely misses the Tzitzimitl.
The dread lich touches you!
* * * LOW HITPOINT WARNING * * *
You take 8 damage, and have 21/224 hp.
Fire: f) +7 arbalest (freeze)
Press: ? - help, Q - select action, (/) - cycle Shift-Dir - straight line, f/p - dread lich
Aim: a dread lich (heavily damaged, 82% to hit)
You shoot a bolt. The bolt hits the dread lich!
The dread lich is severely damaged.
The dread lich completely misses you. The Tzitzimitl engulfs you!
* * * LOW HITPOINT WARNING * * *
The Tzitzimitl bites you but does no damage.
You take 15 damage, and have 6/224 hp.
Fire: f) +7 arbalest (freeze)
Press: ? - help, Q - select action, (/) - cycle Shift-Dir - straight line, f/p - dread lich
Aim: a dread lich (severely damaged, 82% to hit)
You shoot a bolt. The bolt hits the dread lich!
The dread lich is severely damaged.
The dread lich mumbles some strange words.
The dread lich seems to speed up.
The Tzitzimitl engulfs you but does no damage.
The Tzitzimitl misses you.
You regained 2 hp, and now have 8/224 hp.
Fire: f) +7 arbalest (freeze)
Press: ? - help, Q - select action, (/) - cycle Shift-Dir - straight line, f/p - dread lich
Aim: a dread lich (severely damaged, fast, 82% to hit)
You shoot a bolt. The bolt barely misses the dread lich.
The dread lich gestures wildly while chanting.
The dread lich misses you. The Tzitzimitl engulfs you!
You die...

.'..# ,#..## #...##
#..).## ##.).†.##
#)))..†.## ##........##
#######....##.)†1###...#
##....#.....###.@L.......
###..........###...2.....
.###..........###........
..........##...###.......
....⌠.....###...###......
#..........###...#.......
##).........###..........
#............#...........
.....?....................


You could see a dread lich (fast), a Tzitzimitl (summoned) and a tormentor
(summoned).

Vanquished Creatures
  the Royal Jelly (Slime:5)
  5 dread liches (Zot:1)
  Bai Suzhen (Depths:1)
  The ghost of Debuh the Warrior, an adept DrSh of Okawaru (Depths:3)
  4 caustic shrikes (Depths:4)
  3 golden dragons
  Jory (Depths:4)
  Nikola (Spider:2)
  the Enchantress (Depths:1)
  A bone dragon (Depths:4)
  A hellephant (Depths:3)
  An electric golem (WizLab)
  Jorgrun (D:13)
  5 liches
  A tentacled monstrosity (Depths:3)
  3 deep elf blademasters
  2 deep elf master archers (Elf:3)
  Asterion (Vaults:1)
  5 sphinxes (Zot:1)
  The ghost of Notoschet the Severer, an adept DsFi of Gozag (Depths:3)
  The ghost of Notoschet the Severer, an adept DsFi of Gozag (Depths:3)
  2 tentacled starspawn (Abyss:2)
  Polyphemus (Shoals:4)
  5 death cobs
  14 acid blobs
  Kirke (Spider:3)
  A kraken (Shoals:1)
  An ancient champion (Vaults:3)
  A storm dragon (Zot:1)
  A revenant (Abyss:2)
  Aizul (Spider:1)
  2 tengu reavers
  3 shadow dragons (Zot:1)
  Ilsuiw (Shoals:3)
  15 azure jellies
  A draconian knight (Zot:1)
  7 deep elf sorcerers
  8 fire giants
  3 iron dragons
  11 rockslimes
  17 vault wardens
  4 emperor scorpions
  10 frost giants
  A curse skull (Vaults:3)
  An orc warlord (Vaults:3)
  4 ghost moths
  A draconian stormcaller (Depths:4)
  3 deep elf elementalists (Elf:3)
  6 formless jellyfish
  An angel (Depths:3)
  4 spriggan defenders
  4 broodmothers
  18 ironbound preservers
  A draconian annihilator (Zot:1)
  4 war gargoyles
  17 very ugly things
  A black draconian (Zot:1)
  12 ironbound thunderhulks
  14 quicksilver oozes
  7 vampire knights
  3 green draconians
  11 stone giants
  3 deep elf demonologists
  3 red draconians (Zot:1)
  23 dire elephants
  8 deep elf annihilators
  A white draconian (Zot:1)
  2 deep elf death magi (Elf:3)
  3 purple draconians (Zot:1)
  4 yellow draconians
  6 spark wasps
  10 ettins
  5 merfolk impalers
  5 crystal guardians
  7 fire dragons
  3 merfolk javelineers (Shoals:4)
  Fannar (D:11)
  4 deep elf high priests
  2 jiangshi (Depths:2)
  8 great orbs of eyes
  12 vault guards
  2 rakshasas (Depths:1)
  6 yaktaur captains
  5 entropy weavers
  12 peacekeepers
  A hell beast (Depths:2)
  A merfolk avatar (Shoals:4)
  9 ice dragons
  A catoblepas (Shoals:4)
  2 spriggan air magi (Depths:1)
  A salamander tyrant (WizLab)
  9 hydras
  A caustic shrike simulacrum (Abyss:2)
  10 centaur warriors
  5 jorogumos
  6 ironbound frosthearts
  2 radroaches
  4 merfolk aquamancers
  2 two-headed ogres
  4 deep troll shamans
  21 dancing weapons
  9 tengu warriors
  5 boulder beetles
  8 deep troll earth magi
  2 satyrs
  3 demonic crawlers
  A vampire mage (Depths:2)
  6 orc high priests
  10 death yaks
  A titan zombie (D:15)
  6 spriggan berserkers
  5 hell knights (Depths:4)
  A sun moth (Spider:1)
  20 deep elf knights
  3 skysharks
  A sun demon (Depths:2)
  6 iron trolls
  A salamander mystic (Depths:2)
  2 skeletal warriors
  A spatial maelstrom (Abyss:2)
  2 wretched stars (Abyss:2)
  8 glowing orange brains
  7 pharaoh ants
  10 sea snakes
  2 flayed ghosts
  68 deep trolls
  10 orb spiders
  7 deep elf archers
  A glowing orange brain (shapeshifter) (Depths:3)
  An orc knight (Orc:1)
  An orange crystal statue (IceCv)
  5 large abominations (Abyss:2)
  18 ironbound convokers
  8 wizards
  An iron dragon zombie (D:15)
  3 phantasmal warriors
  A steelbarb worm (Spider:4)
  25 deep elf pyromancers
  13 lindwurms
  26 deep elf zephyrmancers
  An oklob plant (Lair:5)
  20 wolf spiders
  8 necromancers
  13 shining eyes
  6 orc sorcerers
  A fire giant zombie (D:15)
  4 cyclopes
  A mana viper (Abyss:2)
  5 salamanders
  35 ugly things
  12 manticores
  25 fauns
  2 worldbinders (Abyss:2)
  12 moths of wrath
  7 black mambas
  A stone giant skeleton (Vaults:2)
  An ice statue (Elf:1)
  A human skeleton (Vaults:2)
  8 eyes of devastation
  An apocalypse crab (Abyss:2)
  5 molten gargoyles
  9 merfolk sirens
  4 torpor snails
  18 vault sentinels
  10 water nymphs
  An orange demon (Depths:2)
  3 smoke demons (Depths:2)
  An unseen horror (shapeshifter) (D:13)
  7 storm dragon simulacra (IceCv)
  2 gargoyles
  An unseen horror (D:12)
  14 cane toads
  3 freezing wraiths
  5 rime drakes
  14 komodo dragons
  25 yaktaurs
  An ice devil (Depths:2)
  6 golden dragon simulacra (IceCv)
  2 tengu conjurers
  A yaktaur (shapeshifter) (D:15)
  A red devil (Depths:2)
  3 ancient zymes
  A hellwing (Depths:2)
  A yaktaur skeleton (Vaults:4)
  4 trolls
  A polar bear (Lair:1)
  20 merfolk
  6 meliai
  6 wind drakes
  13 blink frogs
  Grinder (D:3)
  30 tarantellas
  3 hornets
  A hornet (shapeshifter) (Elf:1)
  7 raiju (Abyss:2)
  13 snapping turtles
  A spriggan zombie (D:15)
  A dream sheep (Lair:4)
  A fire giant simulacrum (Vaults:4)
  6 flying skulls (Abyss:2)
  75 slime creatures
  40 jumping spiders
  An air elemental (Elf:3)
  30 culicivoras
  12 wyverns
  3 wraiths
  A ynoxinul (Abyss:2)
  A shadow (D:14)
  3 spriggans
  31 yaks
  A vampire (Abyss:2)
  12 water elementals
  7 basilisks
  A fire bat (Abyss:2)
  7 fire elementals
  A golden eye (shapeshifter) (D:14)
  6 hogs (Spider:3)
  9 golden eyes
  A steam dragon (shapeshifter) (D:14)
  A chaos spawn (Abyss:2)
  63 redbacks
  A neqoxec (Depths:2)
  3 steam dragons
  15 vampire mosquitoes
  The ghost of ytrimaz the Changeling, an amateur DsSh (D:5)
  Menkaure (D:5)
  4 small abominations (Abyss:2)
  4 wargs
  An acid dragon (D:12)
  A swamp worm (shapeshifter) (D:10)
  2 spatial vortices (Abyss:2)
  4 hell hounds (Lair:5)
  10 water moccasins
  2 floating eyes
  A black bear (D:6)
  A glowing shapeshifter skeleton (Vaults:4)
  2 ice beasts (D:6)
  20 orc warriors
  3 human zombies (Vaults:2)
  4 ice dragon simulacra (IceCv)
  9 boggarts
  17 wolves
  16 centaurs
  7 ogres
  A phantom (D:7)
  2 kobold brigands
  8 earth elementals
  A gnoll sergeant (D:6)
  2 scorpions
  12 bullfrogs
  3 wights (D:8)
  14 killer bees
  4 lindwurm simulacra (IceCv)
  9 howler monkeys
  6 electric eels
  3 jellies
  4 lava snakes (Lair:5)
  An iron imp (Abyss:2)
  4 hounds
  A quasit (Abyss:2)
  29 orc priests
  4 gnoll boudas
  Jessica (D:2)
  3 sleepcaps
  Ijyb (D:3)
  Terence (D:3)
  3 iguanas
  28 orc wizards
  2 lightning spires (WizLab)
  2 hound zombies (D:3)
  Robin (D:3)
  8 adders
  23 gnolls
  3 white imps
  An ufetubus (D:7)
  An adder skeleton (D:3)
  4 dart slugs
  59 orcs
  4 bats
  7 endoplasms
  2 giant cockroaches
  20 goblins
  11 hobgoblins
  10 jackals
  2 quokkas (D:1)
  6 ball pythons
  A ball python skeleton (D:3)
  4 frilled lizards
  13 kobolds
  7 rats
  2 lurking horrors (Abyss:2)
  2 starspawn tentacles (Abyss:2)
1977 creatures vanquished.

Vanquished Creatures (collateral kills)
  A blink frog (Lair:2)
1 creature vanquished.

Vanquished Creatures (others)
  A deep elf knight (Elf:2)
  2 wizards
  An ironbound convoker (Vaults:2)
  An orc priest (Orc:2)
  An orc wizard (Orc:2)
  An orc (Elf:3)
  3 starspawn tentacles (Abyss:2)
  8 tentacles (Shoals:1)
18 creatures vanquished.

Grand Total: 1996 creatures vanquished

Notes
Turn   | Place    | Note
-------+----------+-------------------------------------------
     0 | D:1      | Ofeo the Barachi Hunter began the quest for the Orb.
     0 | D:1      | Reached XP level 1. HP: 17/17 MP: 1/1
    81 | D:1      | Reached skill level 1 in Stealth
   151 | D:1      | Reached XP level 2. HP: 23/23 MP: 2/2
  1204 | D:2      | Noticed Jessica
  1212 | D:2      | Killed Jessica
  1213 | D:2      | Reached skill level 3 in Fighting
  1213 | D:2      | Reached XP level 3. HP: 29/29 MP: 3/3
  1340 | D:2      | Reached XP level 4. HP: 20/35 MP: 4/4
  2118 | D:3      | Noticed Terence
  2130 | D:3      | Killed Terence
  2131 | D:3      | Reached XP level 5. HP: 13/42 MP: 5/5
  2378 | D:3      | Noticed Grinder
  2387 | D:3      | Killed Grinder
  2388 | D:3      | Reached skill level 4 in Fighting
  2388 | D:3      | Reached skill level 5 in Ranged Weapons
  2388 | D:3      | Reached XP level 6. HP: 28/49 MP: 6/6
  2808 | D:3      | Noticed Robin
  2842 | D:3      | Killed Robin
  2960 | D:3      | Noticed Ijyb
  2984 | D:3      | Killed Ijyb
  3184 | D:3      | Identified a scroll of acquirement
  3184 | D:3      | Acquired a +1 arbalest of freezing
  3249 | D:4      | Reached XP level 7. HP: 55/55 MP: 7/7
  3786 | D:4      | Reached skill level 5 in Fighting
  4270 | D:5      | Entered Level 5 of the Dungeon
  4373 | D:5      | Found a transporter.
  4374 | D:5      | Noticed ytrimaz's ghost (amateur DsSh)
  4384 | D:5      | Found a transporter.
  4405 | D:5      | Reached skill level 5 in Dodging
  4480 | D:5      | Reached XP level 8. HP: 64/64 MP: 8/8
  4551 | D:5      | Noticed Menkaure
  4555 | D:5      | Killed Menkaure
  4556 | D:5      | Reached skill level 6 in Fighting
  5177 | D:5      | Killed ytrimaz's ghost
  5373 | D:6      | Reached XP level 9. HP: 71/71 MP: 9/9
  5436 | D:6      | Found Waluer's Armour Emporium.
  6073 | D:6      | Found a bloodstained altar of Trog.
  7081 | D:7      | Found a staircase to the Ecumenical Temple.
  7107 | D:7      | Reached skill level 10 in Ranged Weapons
  7137 | Temple   | Entered the Ecumenical Temple
  7152 | Temple   | Became a worshipper of Zin the Law-Giver
  7152 | Temple   | Reached * piety under Zin
  7582 | D:7      | Found an iron altar of Okawaru.
  7641 | D:7      | Reached ** piety under Zin
  7972 | D:8      | Found a radiant altar of Vehumet.
  8245 | D:8      | Reached XP level 10. HP: 77/77 MP: 10/10
  9132 | D:9      | Reached *** piety under Zin
  9389 | D:9      | Noticed a gargoyle
  9392 | D:9      | Killed a gargoyle
  9437 | D:9      | Noticed a wizard
  9445 | D:9      | Killed a wizard
  9858 | D:10     | Entered Level 10 of the Dungeon
  9861 | D:10     | Found a staircase to the Lair.
 10112 | D:10     | Found a staircase to the Orcish Mines.
 10872 | D:10     | Found a hazy altar of Hepliaklqana.
 11182 | D:11     | Noticed a cyclops
 11188 | D:11     | Killed a cyclops
 11189 | D:11     | Reached XP level 11. HP: 83/83 MP: 11/11
 11335 | D:11     | Noticed a boulder beetle
 11336 | D:11     | Noticed Fannar
 11338 | D:11     | Noticed an orb spider (shapeshifter)
 11500 | Orc:1    | Entered Level 1 of the Orcish Mines
 11500 | Orc:1    | Noticed an orc sorcerer
 11501 | Orc:1    | Paralysed by an orc sorcerer for 2 turns
 11511 | D:10     | Killed an orc sorcerer
 11568 | D:11     | Noticed a mana viper (shapeshifter)
 11961 | D:10     | Found a staircase to the Lair.
 12000 | D:10     | Found a staircase to the Orcish Mines.
 12304 | D:10     | Found a hazy altar of Hepliaklqana.
 12564 | D:11     | Reached skill level 15 in Ranged Weapons
 12580 | D:11     | Killed a boulder beetle
 12874 | D:11     | Killed Fannar
 13071 | D:11     | Found a portal to a secret trove of treasure.
 13442 | D:11     | Identified the +2 flail of the Lettuce {freeze, *Corrode
                  | rC+++ Int+3 Dex+3}
 13593 | D:11     | Reached **** piety under Zin
 13656 | Lair:1   | Entered Level 1 of the Lair of Beasts
 14570 | Lair:2   | Found a staircase to the Shoals.
 14623 | Lair:2   | Reached XP level 12. HP: 89/89 MP: 12/12
 15211 | Lair:2   | Reached ***** piety under Zin
 15547 | Lair:3   | Noticed a four-headed hydra
 15964 | Lair:3   | Killed a four-headed hydra
 16050 | Lair:3   | Found a hole to the Spider Nest.
 16262 | Lair:3   | Reached skill level 1 in Invocations
 16353 | Lair:3   | Reached skill level 7 in Fighting
 17301 | Lair:3   | Noticed an eight-headed hydra
 17392 | Lair:3   | Killed an eight-headed hydra
 17393 | Lair:3   | Reached skill level 8 in Fighting
 18036 | Lair:4   | Noticed a death yak
 18040 | Lair:4   | Killed a death yak
 18041 | Lair:4   | Gained mutation: You can hop long distances. [Barachi
                  | growth]
 18041 | Lair:4   | Reached XP level 13. HP: 99/99 MP: 14/16
 18106 | Lair:4   | Found a staircase to the Slime Pits.
 18534 | Lair:4   | Reached skill level 9 in Fighting
 18930 | Lair:4   | You fall into a shaft and drop 1 floor!
 18930 | Lair:5   | Entered Level 5 of the Lair of Beasts
 19686 | Lair:4   | Reached skill level 5 in Invocations
 19907 | Lair:4   | HP: 4/102 [black mamba (11)]
 20562 | Lair:4   | Identified the +0 chain mail of the Buccaneer {Rampage rF+
                  | SInv}
 20619 | Lair:4   | Reached skill level 10 in Fighting
 20904 | Slime:1  | Entered Level 1 of the Pits of Slime
 21975 | Lair:5   | Reached skill level 10 in Dodging
 21980 | Lair:5   | Reached skill level 11 in Fighting
 22324 | Lair:5   | Reached XP level 14. HP: 113/113 MP: 19/19
 22491 | Lair:5   | Found a large runed translucent door.
 22491 | Lair:5   | Found a large runed translucent door.
 23683 | Orc:1    | Reached skill level 12 in Fighting
 23716 | Orc:2    | Entered Level 2 of the Orcish Mines
 23716 | Orc:2    | Found a staircase to the Elven Halls.
 25028 | Orc:2    | Paralysed by an orc sorcerer for 4 turns
 25223 | D:10     | Found a staircase to the Orcish Mines.
 25310 | D:10     | Found a staircase to the Lair.
 25850 | Orc:2    | Found a radiant altar of Vehumet.
 26020 | Orc:2    | Found Rutatehe's Jewellery Emporium.
 26020 | Orc:2    | Found Ryka's Antique Weapon Shoppe.
 26020 | Orc:2    | Found Giubiygax's Weapon Emporium.
 26025 | Orc:2    | Found Ecagh's General Store.
 26031 | Orc:2    | Bought 2 potions of resistance for 280 gold pieces
 26087 | Orc:2    | Found Teijil's General Store.
 26093 | Orc:2    | Bought a scroll of enchant armour for 105 gold pieces
 26271 | Orc:2    | Reached ****** piety under Zin
 27026 | D:10     | Found a hazy altar of Hepliaklqana.
 27329 | D:12     | Found Humasmat's Magic Scroll Emporium.
 27337 | D:12     | Bought a scroll of blinking for 127 gold pieces
 27337 | D:12     | Bought a scroll of enchant armour for 127 gold pieces
 27337 | D:12     | Bought a scroll of fear for 68 gold pieces
 27341 | D:12     | You fall into a shaft and drop 1 floor!
 28083 | D:13     | Reached skill level 13 in Fighting
 28120 | D:13     | Found a gate to the Vaults.
 29172 | D:14     | Found a runed translucent gate.
 29172 | D:14     | Found a runed translucent gate.
 29173 | D:14     | Found a runed translucent gate.
 29221 | D:14     | Noticed pokeman's ghost (journeyman DEHW)
 29292 | D:14     | Noticed Louise
 29408 | D:14     | Reached XP level 15. HP: 106/124 MP: 21/21
 29521 | D:14     | Found a shadowy altar of Dithmenos.
 29686 | D:15     | Entered Level 15 of the Dungeon
 29704 | D:15     | Found a staircase to the Depths.
 30072 | D:15     | Identified the ring "Loute" {rF+ rCorr Int-2 Slay+4}
 30178 | D:15     | Reached skill level 14 in Fighting
 31440 | D:12     | Noticed Jorgrun
 31482 | D:13     | Killed Jorgrun
 31643 | D:12     | Reached skill level 10 in Invocations
 31897 | D:12     | Found a white marble altar of Elyvilon.
 32017 | D:12     | Found Rokkiuc's Distillery.
 32027 | D:12     | Bought 2 potions of haste for 320 gold pieces
 32422 | D:11     | You paid a toll of +4 fire dragon scales to enter a
                  | treasure trove
 32423 | Trove    | Entered a treasure trove
 32426 | Trove    | Found the +3 pair of mountain boots {steadfast, rC+}
 32429 | Trove    | Identified the +1 pair of boots "Sacuq" {rC++}
 32430 | Trove    | Identified the +0 pair of boots of the Charmed God {-Cast
                  | rPois rCorr}
 32456 | Trove    | Identified the +0 helmet "Reajaepp" {Dex+3}
 32469 | Trove    | Identified the +2 kite shield "Sobryen" {rN+ rCorr}
 32475 | Trove    | Identified the +1 pair of boots of Rainatur {rPois rN++
                  | Int-4 Dex+3}
 32923 | Shoals:1 | Entered Level 1 of the Shoals
 33010 | Shoals:1 | Found Cityvif's Self-Improvement Boutique.
 33031 | Shoals:1 | Bought a manual of Stealth for 1120 gold pieces
 33181 | Shoals:1 | Reached skill level 5 in Stealth
 33473 | Shoals:1 | Noticed a kraken
 33520 | Shoals:1 | Killed a kraken
 33521 | Shoals:1 | Reached skill level 1 in Evocations
 33944 | Shoals:2 | Reached skill level 15 in Fighting
 34253 | Shoals:2 | Found Uppaoria's Distillery.
 34274 | Shoals:2 | Bought a potion of lignification for 51 gold pieces
 34872 | Shoals:3 | Reached XP level 16. HP: 136/136 MP: 24/24
 35189 | Shoals:3 | Identified the +8 shortbow of the Equinox {antimagic, rC+
                  | Str+3}
 35200 | Shoals:3 | Identified the +5 flail "Dyicsebbi" {drain, rPois Int+2
                  | Dex+4 Stlth-}
 35529 | Shoals:3 | Noticed Ilsuiw
 35558 | Shoals:3 | Killed Ilsuiw
 36082 | Shoals:4 | Entered Level 4 of the Shoals
 36143 | Shoals:4 | Identified the +0 ring mail of Gohofef {rElec rPois Dex+3}
 36218 | Shoals:4 | Found a flickering gateway to a bazaar.
 36245 | Bazaar   | Entered a bazaar
 36245 | Bazaar   | Found Jevaon's General Store.
 36245 | Bazaar   | Found Xidoibyl's General Store.
 36278 | Bazaar   | Found Zedupneq's General Store.
 36278 | Bazaar   | Found Vacwoh's General Store.
 36300 | Bazaar   | Found Ulocam Saffa's General Store.
 36300 | Bazaar   | Found Uxkuy's General Store.
 36322 | Bazaar   | Found Popp's General Store.
 36322 | Bazaar   | Found Sih Jichyth's General Store.
 36382 | Bazaar   | Bought a scroll of enchant weapon for 67 gold pieces
 36382 | Bazaar   | Bought a potion of heal wounds for 45 gold pieces
 36400 | Bazaar   | Bought a potion of might for 48 gold pieces
 36545 | Shoals:4 | Noticed Polyphemus
 36618 | Shoals:4 | Reached skill level 5 in Evocations
 36817 | Shoals:4 | Reached skill level 16 in Fighting
 36924 | Shoals:4 | Killed Polyphemus
 36998 | Shoals:4 | Got Cigotuvi's Papyrus of Transmuted Evil
 37228 | Shoals:4 | Got a barnacled rune of Zot
 37749 | Spider:1 | Entered Level 1 of the Spider Nest
 37758 | Lair:3   | Reached XP level 17. HP: 144/144 MP: 25/25
 37759 | Lair:3   | Reached skill level 10 in Stealth
 38066 | Lair:3   | Reached skill level 15 in Dodging
 39471 | Spider:1 | Noticed Aizul
 39488 | Spider:1 | Killed Aizul
 40964 | Spider:2 | Noticed Nikola
 40973 | Spider:2 | HP: 6/146 [Nikola/arc of chain lightning (78)]
 41053 | Spider:2 | Killed Nikola
 41054 | Spider:2 | Reached skill level 17 in Fighting
 41803 | Spider:3 | Upgraded the game from 0.31-a0-532-g28f74ba3e5 to
                  | 0.31-a0-538-gbc85326fa9
 42063 | Spider:3 | Reached XP level 18. HP: 123/155 MP: 27/27
 42608 | Spider:3 | Noticed Kirke
 42942 | Spider:3 | Killed Kirke
 43175 | Spider:4 | Entered Level 4 of the Spider Nest
 43187 | Spider:4 | Found a runed translucent door.
 43282 | Spider:4 | Noticed CraigForest's ghost (adept MiFi)
 43560 | Spider:4 | Identified the +0 chain mail "Rekh" {rCorr}
 44010 | Spider:4 | Reached skill level 18 in Fighting
 44850 | Spider:4 | Identified the orb of Weirdness {*channel, rC+}
 44861 | Spider:4 | Got a gossamer rune of Zot
 45290 | Vaults:1 | Entered Level 1 of the Vaults
 45858 | Vaults:1 | Found Nofadigi's Distillery.
 45867 | Vaults:1 | Bought 2 potions of haste for 220 gold pieces
 45876 | Vaults:1 | Reached skill level 10 in Evocations
 46214 | Vaults:1 | Paralysed by a great orb of eyes for 2 turns
 46223 | Vaults:1 | Reached skill level 19 in Fighting
 46397 | Vaults:1 | Reached XP level 19. HP: 147/167 MP: 29/29
 46745 | Vaults:1 | Reached skill level 20 in Fighting
 47099 | Vaults:1 | Noticed Asterion
 47109 | Vaults:1 | Killed Asterion
 47644 | Vaults:2 | HP: 2/170 [vault warden/+2 great sword (38)]
 47808 | Vaults:2 | Reached skill level 21 in Fighting
 47851 | Vaults:2 | Found Vuepang's Weapon Shoppe.
 47883 | Vaults:2 | Found a magical portal.
 47893 | WizLab   | Entered Maxwell's Workshop
 48130 | WizLab   | Reached XP level 20. HP: 153/180 MP: 30/30
 48283 | WizLab   | Noticed an electric golem
 48306 | WizLab   | Killed an electric golem
 48338 | WizLab   | Identified the +1 spear "Cuxec" {venom, Str+3}
 48929 | Vaults:2 | Reached skill level 22 in Fighting
 49550 | Vaults:2 | Reached skill level 15 in Invocations
 50137 | Vaults:3 | Found a staircase to the Crypt.
 50376 | Vaults:3 | Paralysed by a formless jellyfish for 1 turns
 50451 | Vaults:3 | Identified the +7 quarterstaff "Xaidiph" {heavy, rN+ rCorr
                  | Str+2}
 50617 | Vaults:3 | Reached skill level 23 in Fighting
 51601 | Vaults:4 | Identified the +4 ring mail "Semmar" {Dex+2}
 51807 | Vaults:4 | Reached XP level 21. HP: 132/192 MP: 32/32
 51841 | Vaults:4 | Identified the +7 morningstar "Labowke Rori" {antimagic,
                  | rElec rF- rC- Int+9}
 53003 | Vaults:4 | Learned a level 3 spell: Frozen Ramparts
 53774 | Depths:1 | Entered Level 1 of the Depths
 53991 | Depths:1 | Noticed Bai Suzhen
 54019 | Depths:1 | Killed Bai Suzhen
 54030 | Depths:1 | Found a shimmering blue altar of Sif Muna.
 54164 | Depths:1 | Found a one-way gate leading to the halls of Pandemonium.
 54165 | Depths:1 | Found a gateway to Hell.
 54355 | Depths:1 | Found Xaqo's Book Shop.
 54355 | Depths:1 | Found Wuewy's Jewellery Shoppe.
 54356 | Depths:1 | Found Moluilowk's Book Shop.
 54369 | Depths:1 | Bought a +6 ring of dexterity for 612 gold pieces
 54437 | Depths:1 | Found a one-way gate to the infinite horrors of the Abyss.
 54559 | Depths:1 | Found an ancient bone altar of Kikubaaqudgha.
 54735 | Depths:1 | Noticed the Enchantress
 54743 | Depths:1 | Killed the Enchantress
 54744 | Depths:1 | Reached skill level 1 in Armour
 54838 | Depths:1 | Paralysed by something for 2 turns
 54901 | Depths:1 | Found a runed translucent gate.
 54901 | Depths:1 | Found a runed translucent gate.
 54901 | Depths:1 | Found a runed translucent gate.
 54947 | Depths:1 | Noticed a golden dragon
 54950 | Depths:1 | Identified the +5 mace of Success {venom, rPois Int+4}
 54950 | Depths:1 | Identified the ring "Koatheos" {rF+ rC+ Str+2}
 54974 | Depths:1 | Found a runed translucent gate.
 54974 | Depths:1 | Found a runed translucent gate.
 54974 | Depths:1 | Found a runed translucent gate.
 55666 | Depths:2 | Got Ruguum's Codex of Rime
 55848 | Depths:2 | Reached skill level 5 in Armour
 56418 | Depths:2 | Found a sacrificial altar of Ru.
 56451 | Depths:2 | Reached XP level 22. HP: 191/201 MP: 34/34
 57358 | Depths:3 | Found a runed translucent door.
 57362 | Depths:3 | Noticed Notoschet's ghost (adept DsFi)
 57556 | Depths:3 | Found a one-way gateway to a ziggurat.
 57890 | Depths:3 | Paralysed by a vampire knight for 2 turns
 57906 | Depths:3 | Reached skill level 10 in Armour
 58464 | Depths:3 | Killed Notoschet's ghost
 58481 | Depths:3 | Found a runed translucent door.
 58485 | Depths:3 | Noticed Debuh's ghost (adept DrSh)
 58489 | Depths:3 | Identified the +7 mace of Fedhas, Muttering {vamp, Fragile
                  | MP+9 Str+8 Dex-3}
 58543 | Depths:3 | Killed Debuh's ghost
 58564 | Depths:3 | Identified the +2 orcbow of Incongruity {heavy, rCorr}
 58573 | Depths:3 | Found a runed translucent door.
 58573 | Depths:3 | Noticed Notoschet's ghost (adept DsFi)
 58916 | Depths:3 | Killed Notoschet's ghost
 58962 | Depths:3 | Found a one-way gateway to a ziggurat.
 59773 | Depths:4 | Entered Level 4 of the Depths
 59929 | Depths:4 | Noticed Jory
 59941 | Depths:4 | Noticed a golden dragon
 60009 | Depths:3 | Killed a golden dragon
 60077 | Depths:4 | Killed Jory
 60578 | Depths:4 | Found a gate to the Realm of Zot.
 60825 | Depths:4 | Reached XP level 23. HP: 189/207 MP: 36/36
 61084 | Depths:4 | Noticed a caustic shrike
 61086 | Depths:4 | Noticed a caustic shrike
 61087 | Depths:4 | Noticed a caustic shrike
 61091 | Depths:4 | Noticed a caustic shrike
 61112 | Depths:4 | Killed a caustic shrike
 61118 | Depths:4 | Killed a caustic shrike
 61120 | Depths:4 | Killed a caustic shrike
 61121 | Depths:4 | Killed a caustic shrike
 61605 | Elf:1    | Entered Level 1 of the Elven Halls
 62023 | Elf:1    | Found a frozen archway.
 62061 | IceCv    | Entered an ice cave
 62302 | IceCv    | Identified the +0 pair of gloves of Experimentation {-Cast
                  | Rampage Dex+3}
 62342 | IceCv    | Noticed a golden dragon
 62358 | IceCv    | Killed a golden dragon
 62396 | IceCv    | Identified the ring of Fragile Peace {rPois rF+ Int+3}
 62441 | IceCv    | Identified the ring "Niasezos" {rPois rF+ Str+3 Int+6
                  | Slay-4}
 63612 | Elf:2    | Found a runed translucent gate.
 63614 | Elf:2    | Found a runed translucent gate.
 63614 | Elf:2    | Found a runed translucent gate.
 64460 | Elf:3    | Entered Level 3 of the Elven Halls
 64832 | Elf:3    | Acquired a manual of Armour
 64954 | Elf:3    | Found Cifopat's Book Shoppe.
 65439 | Elf:3    | Reached XP level 24. HP: 161/216 MP: 37/37
 65449 | Elf:3    | Reached skill level 15 in Armour
 65470 | Abyss:2  | Cast into level 2 of the Abyss (a deep elf sorcerer)
 65564 | Abyss:2  | Reached skill level 24 in Fighting
 65977 | Elf:3    | Escaped the Abyss
 66153 | Elf:3    | Identified the ring of Koanis {AC+4 Int+2}
 66171 | Elf:3    | Identified the +6 bardiche of the Gloaming {drain, Fly
                  | rPois}
 66171 | Elf:3    | Identified the ring of Jamotys {Fire Fly Int+2}
 66188 | Elf:3    | Identified the +0 ring mail of Lytit {Will+}
 66209 | Elf:3    | Identified the ring "Heskisur" {Fly Str+4}
 66223 | Elf:3    | Got the Vellum of Ozone
 66408 | Elf:3    | Paralysed by an air elemental for 1 turns
 67750 | Slime:3  | Lost intelligence.
 68153 | Slime:5  | Entered Level 5 of the Pits of Slime
 68221 | Slime:5  | Found the +4 consecrated labrys {holy, Valiant Fragile Fly
                  | SInv}
 68242 | Slime:5  | Found a viscous altar of Jiyva.
 68576 | Slime:5  | Found the +7 Throatcutter {drain, coup de grace}
 68588 | Slime:5  | Noticed the Royal Jelly
 68642 | Slime:5  | HP: 1/219 [azure jelly[the Royal Jelly] (12)]
 68756 | Slime:5  | Killed the Royal Jelly
 69638 | Slime:5  | Identified the +9 spear of Rolusor {drain, rCorr}
 69695 | Slime:5  | Identified the +2 great sword of Asikh {heavy, rElec rN+
                  | rCorr Str-2}
 69702 | Slime:5  | Got a slimy rune of Zot
 69704 | Slime:5  | Identified the +5 scimitar of the Vine {vamp, rF+}
 69739 | Slime:5  | Got the Precepts of the Fairies and Malignant Spells
 70176 | Zot:1    | Entered Level 1 of the Realm of Zot
 70446 | Depths:4 | Reached skill level 25 in Fighting
 70782 | Depths:4 | Found a gate to the Realm of Zot.
 71145 | Zot:1    | Reached skill level 1 in Long Blades
 71261 | Zot:1    | Reached skill level 5 in Long Blades
 71376 | Zot:1    | HP: 5/220 [something/bolt of lightning (42)]
 71576 | Zot:1    | Reached XP level 25. HP: 198/227 MP: 37/37
 71583 | Zot:1    | Noticed a dread lich
 71591 | Zot:1    | Killed a dread lich
 71646 | Zot:1    | Noticed a dread lich
 71657 | Zot:1    | Killed a dread lich
 71670 | Zot:1    | Noticed a dread lich
 71684 | Zot:1    | Killed a dread lich
 71684 | Zot:1    | Identified the ring of Hofohaf {Wiz rC++ Dex-5 SInv Stlth+}
 71688 | Zot:1    | Noticed a dread lich
 71701 | Zot:1    | Killed a dread lich
 71704 | Zot:1    | Reached skill level 10 in Long Blades
 71717 | Zot:1    | Noticed a dread lich
 71721 | Zot:1    | Killed a dread lich
 71737 | Zot:1    | Paralysed by a sphinx for 5 turns
 71762 | Zot:1    | Noticed a dread lich
 71770 | Zot:1    | HP: 6/224 [Tzitzimitl[a dread lich] (17)]
 71772 | Zot:1    | Slain by a Tzitzimitl

Illustrated notes

Levels and vault maps discovered:
D:1:      minmay_arrival_split_and_join, layout_basic,
          chequers_serial_rivers_large_b, grunt_decor_resistance, st_stairs_13,
          chequers_serial_rivers_micro_a
D:2:      layout_loops_ring, minmay_cupped, uniq_jessica
D:3:      kennysheep_goblin_castle, layout_basic, serial_undead,
          serial_undead_c, serial_undead_f, serial_undead_b, serial_undead_b,
          uniq_ijyb, uniq_grinder, uniq_robin, uniq_terence
D:4:      layout_basic
D:5:      layout_rooms, gammafunk_ghost_smash, uniq_menkaure
D:6:      layout_basic, mainiacjoe_overflow_small_starburst, serial_shops, shop,
          nicolae_lava_and_water
D:7:      layout_basic, kennysheep_okawaru_gauntlet, temple_fountains
D:8:      layout_cave_pods, old_standard_altar, serial_rivers,
          chequers_serial_rivers_small_b, chequers_serial_rivers_micro_e,
          chequers_serial_rivers_micro_c, chequers_serial_rivers_small_b,
          minmay_misc_feat_diagonals
D:9:      layout_loops_ring, minmay_librarian
D:10:     layout_basic, nicolae_hepliaklqana_hazy_memory, lair_entry_dummy,
          david_orc_2, serial_aquarium, aquarium_bridge_square
          [aquarium_subvault_window, aquarium_subvault_wall,
          aquarium_subvault_bridge, aquarium_subvault_bridge],
          aquarium_window_double, aquarium_window_double, aquarium_window_2,
          aquarium_view_2a, aquarium_balcony_3a, dreamdust_princess_bridge
D:11:     layout_long_grid, trove_entry_hex_spiral, uniq_fannar
D:12:     layout_roguey, serial_shops, nicolae_shop_industrial_runoff,
          kennysheep_mini, elyvilon_altar_3, uniq_jorgrun
D:13:     layout_long_grid, david_vaults_4, minmay_gold_behind_fungi,
          minmay_misc_feat_ornament, nicolae_kite_square_tiling_tiny,
          chequers_serial_rivers_marsh
D:14:     layout_loops_ring, chequers_serial_rivers_small_a,
          gammafunk_ghost_spectres, grunt_dithmenos_shadows, uniq_louise
D:15:     gammafunk_depths_entry_grave, layout_cave_pods, abandoned_shop,
          gauntlet_entry_generic
Temple:   regret_index_temple_chain_breaker
Lair:1:   layout_roguey, grunt_megastairs_5
Lair:2:   layout_regular_city, elwin_shoals_entry_rocks,
          grunt_forest_small_clearing_treed, serial_bayou_shore_b
Lair:3:   layout_cellular_growth, nicolae_spider_entry_orb_guardian,
          infiniplex_staircase_pool_2, serial_bayou_shore_a
Lair:4:   cheibrodos_lair_river_kwai, layout_layer_cave, slime_entry_1,
          minmay_shattered_shrine
Lair:5:   cheibrodos_lair_end_hotspot, layout_gridlike, lemuel_old_faithful
Shoals:1: layout_shoals, nicolae_shop_self_help
Shoals:2: layout_shoals, serial_shops, shop
Shoals:3: layout_shoals, nicolae_shoals_water_shrine, uniq_ilsuiw
Shoals:4: shoals_end_grunt_garden, layout_shoals, serial_shops, bzr_entry_islet,
          uniq_polyphemus
Spider:1: layout_spider_delve, uniq_aizul
Spider:2: layout_spider_delve, uniq_nikola
Spider:3: layout_cave_pods, drop_trap, guppyfry_spider_mini_3, uniq_kirke
Spider:4: grunt_spider_rune_parallel, ebering_ghost_reflecting_pool
Slime:1:  layout_caves
Slime:2:  layout_caves, nicolae_slime_round_cave
Slime:3:  layout_caves
Slime:4:  layout_caves, nicolae_slime_getting_an_eyeful
Slime:5:  slime_pit_nicolae_jellycorners
Orc:1:    layout_diamond_mine
Orc:2:    st_orc_mages, layout_caves, basic_altar, serial_shops,
          nicolae_square_shop
Elf:1:    nicolae_elf_arrival_no_cutting_in_line, layout_loops_corners,
          portal_ice_cave_entry_ice_statue_one
Elf:2:    nicolae_elf_blades_crystal_corner, layout_rooms
Elf:3:    minmay_elf_hall_dome, layout_geoelf_castle, serial_shops, shop
Vaults:1: nicolae_vaults_mini_display_case, v_alt_pattern_4,
          nicolae_vaults_whirlpool_walls,
          vaults_standard_mumra_enter_the_diamond, nicolae_vaults_circle_grid_a,
          vaults_room_boxed, v_rooms_6, vaults_room_grid,
          vaults_dpeg_emergency_exit, nicolae_vaults_closet_pinwheel_1,
          grunt_vaults_hallway_short, nicolae_vaults_trapezoid_2,
          nicolae_vaults_little_ls, layout_vaults_big_cross, serial_shops, shop,
          uniq_asterion
Vaults:2: infiniplex_enter_wizlab_glasses, hangedman_vaults_stream,
          nicolae_vaults_octothorpe, hangedman_vaults_unwind, v_rooms_4,
          nicolae_vaults_murderbox, nicolae_vaults_border_crossing,
          nicolae_vaults_closet_pinwheel_6, nicolae_vaults_ring_of_whatevers,
          grunt_vaults_bifocal, vaults_room_pools,
          nicolae_vaults_taking_the_gang_shopping, layout_vaults_maze_bifur
Vaults:3: minmay_crypt_entry_simple_plaza, nicolae_vaults_trapezoid_layered,
          vaults_room_corners, ontoclasm_vaults_spin,
          nicolae_vaults_closet_pinwheel_1, vaults_room_stairs_pillars,
          layout_vaults_omnigrid
Vaults:4: hangedman_vaults_slither, nicolae_vaults_offset_grid_hallway_3,
          ontoclasm_vaults_idyll, hangedman_vaults_cutoff,
          nicolae_vaults_trapezoid_4, v_misc_11, nicolae_vaults_what_the_h,
          vaults_standard_mumra_x, hangedman_vaults_restitches,
          vaults_room_hallway, vaults_room_pools,
          ontoclasm_vaults_decontamination, vaults_mumra_chevron,
          vaults_dpeg_encased_lava, layout_vaults_big_room
Depths:1: kennysheep_treasure_stockpile, layout_basic, hell_entry,
          abyss_entry_glasseish, nicolae_sif_muna_condensation, pan_entry,
          minmay_misc_feat_enclosed, nrook_pool_corridor,
          kiku_gazebo_garden_becter, minmay_shop_grove, uniq_enchantress,
          uniq_bai_suzhen
Depths:2: cheibrodos_lost_city_excavation, layout_gridlike, hell_entry,
          grunt_pan_entry_in_and_out, nicolae_ru_path_of_blood
Depths:3: mu_elephants_graveyard, layout_gridlike, enter_ziggurat_f,
          muffindrake_ghost_three_little_ghosts, abyss_entry_small_statue_room,
          hell_entry, kennysheep_potato, firewood_loft
Depths:4: evilmike_zot_entry_basic, layout_gridville, hell_entry, pan_entry,
          nicolae_abyss_entry_one_way_or_another, hangedman_decor_points,
          uniq_jory
Zot:1:    hellmonk_paralyzer, layout_onion, uniq_parghit

Skill      XL: |  1  2  3  4  5  6  7  8  9 10 11 12 13 14 15 16 17 18 19 20 21 22 23 24 25 |
---------------+----------------------------------------------------------------------------+-----
Stealth        | 1 2 3 4 6 9 12 13 14 | 14.2
Fighting       | 3 4 5 6 8 11 13 15 16 17 19 21 23 25 | 25.0
Dodging        | 3 4 5 7 10 12 13 14 15 16 | 16.0
Ranged Weapons | 5 8 11 14 16 18 | 18.0
Invocations    | 4 7 9 10 11 12 13 14 15 16 18 20 21 | 21.6
Evocations     | 3 6 8 10 12 14 | 14.9
Armour         | 7 12 14 19 20 | 20.1
Long Blades    | 5 13 | 13.0

Action                     |  1- 3 |  4- 6 |  7- 9 | 10-12 | 13-15 | 16-18 | 19-21 | 22-24 | 25-27 || total
---------------------------+-------+-------+-------+-------+-------+-------+-------+-------+-------++-------
  Melee: Arbalest          |       |       |     1 |       |     2 |    10 |     1 |    22 |       ||    36
         Great sword       |       |       |       |       |       |       |       |     6 |       ||     6
   Fire: Shortbow          |    56 |    47 |       |       |       |    30 |       |       |       ||   133
         Sling             |       |   106 |       |       |       |       |       |       |       ||   106
         Arbalest          |       |     5 |   265 |   489 |  1235 |  1330 |  1354 |  1873 |   116 ||  6667
 Invoke: Imprison          |       |       |       |       |     3 |     4 |     2 |     3 |     1 ||    13
         Recite            |       |       |       |       |     2 |     1 |     9 |    10 |     1 ||    23
         Vitalisation      |       |       |       |       |       |     2 |     9 |    23 |     2 ||    36
         Sanctuary         |       |       |       |       |       |       |     1 |     2 |       ||     3
Ability: Hop               |       |     1 |     1 |     4 |    10 |     9 |     7 |    10 |       ||    42
  Evoke: Wand              |       |       |       |     1 |    12 |     8 |    10 |     9 |       ||    40
    Use: Scroll            |       |     8 |    10 |     7 |    13 |     2 |     2 |    12 |       ||    54
         Potion            |       |       |     2 |     2 |     3 |     9 |    10 |    23 |       ||    49
 Armour: Leather armour    |     5 |    28 |       |       |       |       |       |       |       ||    33
         Ring mail         |       |       |    56 |    46 |   227 |       |       |       |       ||   329
         Troll leather arm |       |       |       |       |    11 |   268 |   141 |       |       ||   420
         Acid dragon scale |       |       |       |       |       |       |    18 |   519 |    73 ||   610
  Dodge: Dodged            |    14 |    56 |   111 |   212 |   937 |  1356 |   901 |  2056 |   142 ||  5785
         Repelled          |       |       |       |       |       |     1 |    12 |       |       ||    13
  Block: Other             |       |       |    20 |    64 |    72 |       |       |       |       ||   156
         Reflection        |       |       |     2 |       |       |       |       |       |       ||     2

Table legend: (Time is in decaauts)
 A = Elapsed time spent in this place.
 B = Non-inter-level travel time spent in this place.
 C = Inter-level travel time spent in this place.
 D = Time resting spent in this place.
 E = Time spent auto-exploring this place.
 F = Levels seen in this place.
 G = Mean time per level.
                   A        B        C        D        E       F      G
               +--------+--------+--------+--------+--------+-----+--------+
         Total |  81312 |  75486 |   5826 |  16240 |  43565 |  53 | 1534.2 |
       Dungeon |  24604 |  21961 |   2643 |   3099 |  15865 |  15 | 1640.3 |
        Temple |     36 |      3 |     33 |      0 |      0 |   1 |   36.0 |
          Lair |  12423 |  11447 |    976 |   3753 |   6300 |   5 | 2484.6 |
        Shoals |   5172 |   4845 |    327 |    569 |   3200 |   4 | 1293.0 |
   Spider Nest |   6808 |   6500 |    308 |   2367 |   2625 |   4 | 1702.0 |
    Slime Pits |   3303 |   3194 |    109 |   1534 |    273 |   5 |  660.6 |
  Orcish Mines |   2916 |   2761 |    155 |   1509 |    682 |   2 | 1458.0 |
   Elven Halls |   4638 |   4312 |    326 |    343 |   2974 |   3 | 1546.0 |
        Vaults |   8533 |   8246 |    287 |   1868 |   4146 |   4 | 2133.2 |
        Depths |  10310 |   9653 |    657 |   1124 |   6534 |   4 | 2577.5 |
           Zot |    612 |    610 |      2 |      6 |    199 |   1 |  612.0 |
         Abyss |    557 |    557 |      0 |      0 |    311 |   1 |  557.0 |
        Bazaar |    203 |    203 |      0 |      0 |    100 |   1 |  203.0 |
         Trove |     91 |     91 |      0 |      0 |      0 |   1 |   91.0 |
      Ice Cave |    489 |    489 |      0 |     52 |    267 |   1 |  489.0 |
        Wizlab |    611 |    611 |      0 |     14 |     84 |   1 |  611.0 |
               +--------+--------+--------+--------+--------+-----+--------+

Top non-repeatable levels by time:
  Lair:4: 4517 daAuts
    D:10: 4214 daAuts
  Lair:3: 3198 daAuts
Depths:4: 3180 daAuts
Depths:3: 3125 daAuts
Vaults:3: 2560 daAuts
Vaults:1: 2356 daAuts
Spider:4: 2079 daAuts
  Lair:5: 2059 daAuts
    D:13: 2039 daAuts
Depths:1: 2023 daAuts
Depths:2: 1979 daAuts
Spider:1: 1915 daAuts
Vaults:2: 1873 daAuts
    D:14: 1842 daAuts
